 Dungeon Crawl Stone Soup version 0.22-a0-259-gdd11e71 (webtiles) character file.

326 JeffiDaFish the Firebug (level 6, -5/32 HPs)
             Began as a Tengu Fire Elementalist on Mar 6, 2018.
             Was a Follower of Vehumet.
             Killed from afar by an orc wizard (8 damage)
             ... with a puff of flame
             ... on level 4 of the Dungeon.
             The game lasted 00:10:06 (3012 turns).

JeffiDaFish the Firebug (Tengu Fire Elementalist)   Turns: 3012, Time: 00:10:07

Health: -5/32      AC:  4    Str: 11    XL:     6   Next: 49%
Magic:  3/13       EV: 12    Int: 18    God:    Vehumet [*.....]
Gold:   166        SH:  0    Dex: 14    Spells: 5/13 levels left

rFire    . . .     SeeInvis .   e - +0 quarterstaff
rCold    . . .     Gourm    .   (shield currently unavailable)
rNeg     . . .     Faith    .   a - +2 robe
rPois    .         Spirit   .   (helmet restricted)
rElec    .         Reflect  .   (no cloak)
rCorr    .         Harm     .   (no gloves)
MR       .....                  (boots unavailable)
Stlth    ++........             (no amulet)
HPRegen  0.10/turn              d - ring of wizardry
MPRegen  0.13/turn              f - +3 ring of strength

@: no status effects
A: beak, talons 3, able to fly 1
a: Fly, Renounce Religion


You were on level 4 of the Dungeon.
You worshipped Vehumet.
Vehumet was aware of your devotion.
You were very hungry.

You visited 1 branch of the dungeon, and saw 4 of its levels.

You collected 166 gold pieces.

Inventory:

Hand Weapons
 e - a +0 quarterstaff (weapon)
Armour
 a - a +2 robe (worn)
Jewellery
 d - a ring of wizardry (left hand)
 f - a +3 ring of strength (right hand)
 n - an uncursed ring of protection from magic {unknown}
Scrolls
 b - 3 scrolls of remove curse
 g - 2 scrolls of teleportation
 h - 3 scrolls of enchant armour
 k - 2 scrolls of identify
 l - a scroll of fog
Potions
 i - 3 potions of curing
 m - a potion of flight {unknown}
Comestibles
 c - 3 rations


   Skills:
 - Level 2.2 Dodging
 - Level 2.0 Stealth
 * Level 4.0 Spellcasting
 + Level 3.9 Conjurations
 * Level 5.5 Fire Magic


You had 5 spell levels left.
You knew the following spells:

 Your Spells              Type           Power        Failure   Level  Hunger
a - Flame Tongue          Conj/Fire      ###..        1%          1    None
b - Conjure Flame         Conj/Fire      ###.....     2%          3    ###....
c - Sticky Flame          Conj/Fire      ###.....     9%          4    ####...


Dungeon Overview and Level Annotations

Branches:
Dungeon (4/15)
 Temple: D:4-7

Altars:
Ashenzari
Dithmenos
Vehumet


Innate Abilities, Weirdness & Mutations

You have a beak for a mouth.
You have claws for feet.
You can fly.


Message History

The worker ant bites you!
Casting: Sticky Flame (safe; 9% risk of failure)
Confirm with . or Enter, or press ? or * to list all spells.
Aiming: Sticky Flame (safe; 9% risk of failure)
Press: ? - help, Shift-Dir - straight line, f - worker ant
Aim: a worker ant (heavily wounded)
The sticky flame hits the worker ant.
The worker ant is almost dead.
The worker ant is covered in liquid flames!
The worker ant burns!
You kill the worker ant!
Vehumet accepts your kill.
You feel your power returning.
The orc wizard shouts!
You hear a shout!
The orc wizard casts a spell at you. The puff of flame hits you!
* * * LOW HITPOINT WARNING * * *
The orc wizard gestures at you while chanting.
The puff of flame hits you!
You die...

.##.# ...##.........# ...
.##.# #.o##.o.......##...
.##.#####............#...
......#####.#...........
.......####.o.......>.# .
†...........o.........#...
.>....#.####..............
......#.## #......<...#
......#..# #....@.....#
......##.###..........#
......##..##..........#
####..###.#####.#######
#..###.##....#
##........#### ######...#
#...# ...#...


You could see 2 orc wizards and 2 orcs.

Vanquished Creatures
  A water moccasin (D:4)
  Jessica (D:3)
  Natasha (D:3)
  4 worker ants
  An adder (D:4)
  3 worms
  2 dart slugs
  2 leopard geckos
  5 bats
  3 giant cockroaches
  5 goblins
  6 hobgoblins
  9 jackals
  5 kobolds
  A ball python (D:2)
  3 frilled lizards
  3 rats
55 creatures vanquished.

Notes
Turn   | Place    | Note
-------+----------+-------------------------------------------
     0 | D:1      | JeffiDaFish the Tengu Fire Elementalist began the quest for the Orb.
     0 | D:1      | Reached XP level 1. HP: 10/10 MP: 4/4
   225 | D:1      | Reached XP level 2. HP: 15/15 MP: 1/6
   292 | D:1      | You fall through a shaft!
   296 | D:2      | Found a radiant altar of Vehumet.
   303 | D:2      | Became a worshipper of Vehumet
   347 | D:2      | You fall through a shaft for 2 floors!
   463 | D:3      | Reached XP level 3. HP: 19/19 MP: 5/7
   476 | D:3      | Learned a level 3 spell: Conjure Flame
   795 | D:3      | Noticed Jessica
   800 | D:3      | Killed Jessica
   800 | D:3      | Reached skill level 4 in Fire Magic
   833 | D:2      | Reached XP level 4. HP: 20/24 MP: 4/9
  1000 | D:2      | Found a shattered altar of Ashenzari.
  1203 | D:2      | Reached * piety under Vehumet
  1203 | D:2      | Offered knowledge of Shock by Vehumet.
  1287 | D:2      | Learned a level 4 spell: Sticky Flame
  1927 | D:3      | Noticed Natasha
  1933 | D:3      | Killed Natasha
  1933 | D:3      | Gained mutation: You can fly. [Tengu growth]
  1933 | D:3      | Reached XP level 5. HP: 6/28 MP: 4/10
  2347 | D:3      | Found a shadowy altar of Dithmenos.
  2825 | D:4      | Reached skill level 5 in Fire Magic
  2980 | D:4      | Noticed a water moccasin
  2991 | D:4      | Killed a water moccasin
  2991 | D:4      | Reached XP level 6. HP: 18/32 MP: 3/13
  3012 | D:4      | Killed from afar by an orc wizard

Vault maps used:
D:1:      kennysheep_arrival_seaside, minmay_misc_feat_iff, st_stairs_2
D:2:      nicolae_overflow_crystal_walls, evilmike_ruin_ashenzari
D:3:      nicolae_dithmenos_through_a_glass_darkly, uniq_natasha, uniq_jessica
D:4:      nicolae_overflow_hidden_temple, kennysheep_boxes

Skill      XL: |  1  2  3  4  5 |
---------------+----------------+-----
Conjurations   | 2 3 |  3.9
Fire Magic     | 4 5 |  5.5
Spellcasting   | 3 4 |  4.0
Dodging        | |  2.2
Stealth        | |  2.0

Action                   |  1- 3 |  4- 6 || total
-------------------------+-------+-------++-------
Melee: Unarmed           |     8 |       ||     8
       Kick              |     3 |     6 ||     9
       Peck              |     1 |     2 ||     3
       Quarterstaff      |    12 |    35 ||    47
 Cast: Flame Tongue      |    31 |    32 ||    63
       Sticky Flame      |       |     6 ||     6
  Use: Scroll            |     5 |     3 ||     8
       Potion            |     3 |     6 ||     9
 Stab: Sleeping          |     1 |     2 ||     3
  Eat: Chunk             |       |     7 ||     7
Armor: Robe              |    14 |     9 ||    23
Dodge: Dodged            |    28 |    41 ||    69

Table legend:
 A = Spawn XP
 B = Non-spawn XP
 C = Spawn XP percentage of total XP
 D = Spawn monster count
 E = Non-spawn monster count
 F = Spawn count percentage of total count
 G = Total turns spent on level
                    A         B        C        D         E        F      G
               +---------+---------+-------+---------+---------+-------+---------
         Total |       0 |     467 |   0.0 |       0 |      55 |   0.0 |  3012
               +---------+---------+-------+---------+---------+-------+---------
           D:1 |       0 |      21 |   0.0 |       0 |      10 |   0.0 |   292
           D:2 |       0 |      40 |   0.0 |       0 |      19 |   0.0 |   832
           D:3 |       0 |     139 |   0.0 |       0 |      20 |   0.0 |  1434
           D:4 |       0 |     267 |   0.0 |       0 |       6 |   0.0 |   454
               +---------+---------+-------+---------+---------+-------+---------
